 Dungeon Crawl Stone Soup version 0.29.0-7-g18a832c13a (webtiles) character file.

Game seed: 8049933597008333970

11 SnakkuSnakku7 the Grave Robber (level 2, 0/15 HPs)
             Began as a Kobold Necromancer on Aug 30, 2022.
             Slain by a jackal (2 damage)
             ... on level 1 of the Dungeon.
             The game lasted 00:00:59 (556 turns).

SnakkuSnakku7 the Grave Robber (Kobold Necromancer)  Turns: 556, Time: 00:01:00

Health: 0/15       AC:  2    Str:  5    XL:     2   Next: 35%
Magic:  0/5        EV: 15    Int: 16    God:
Gold:   0          SH:  0    Dex: 15    Spells: 4/5 levels left

rFire   . . .      SeeInvis .   (weapon restricted)
rCold   . . .      Faith    .   (no shield)
rNeg    . . .      Spirit   .   a - +0 robe
rPois   .          Reflect  .   (no helmet)
rElec   .          Harm     .   (no cloak)
rCorr   .          Rampage  .   (no gloves)
Will    .....                   (no boots)
Stlth   +++.......              (no amulet)
HPRegen 0.05/turn               (no ring)
MPRegen 0.09/turn               (no ring)

@: no status effects
A: small, no large weapons, nightstalker 3
a: no special abilities


You were on level 1 of the Dungeon.
You visited 1 branch of the dungeon, and saw 1 of its levels.

Inventory:

Armour
 a - a +0 robe (worn)
Jewellery
 c - an amulet of guardian spirit
Potions
 b - a potion of magic


   Skills:
 - Level 2.4 Dodging
 - Level 2.6 Stealth
 - Level 2.1 Spellcasting
 + Level 4.5 Necromancy


You had 4 spell levels left.
You knew the following spells:

 Your Spells              Type           Power      Damage    Failure   Level
a - Necrotise             Necr           64%        1d7       3%          1

Your spell library contained the following spells:

 Spells                   Type           Power      Damage    Failure   Level
 Vampiric Draining        Necr           16%        2d7       10%         3
 Apportation              Tloc           2%         N/A       21%         1
 Animate Dead             Necr           16%        N/A       30%         4
 Summon Ice Beast         Ice/Summ       1%         N/A       90%         4
 Agony                    Necr           16%        N/A       65%         5
 Alistair's Intoxication  Tmut/Pois      0%         N/A       99%         5
 Summon Mana Viper        Hex/Summ       1%         N/A       99%         5
 Monstrous Menagerie      Summ           0%         N/A       100%        7


Dungeon Overview and Level Annotations

Branches:
Dungeon (1/15)

Altars:


Innate Abilities, Weirdness & Mutations

You are small and have problems with some larger weapons.
You are completely attuned to the shadows.


Message History

The jackal is severely wounded.
The jackal bites you.
You hit the jackal but do no damage.
The jackal is severely wounded.
The jackal misses you.
You barely miss the jackal.
The jackal is severely wounded.
The jackal bites you.
* * * LOW HITPOINT WARNING * * *
The jackal closely misses you.
You hit the jackal but do no damage.
The jackal is heavily wounded.
The jackal bites you.
* * * LOW HITPOINT WARNING * * *
You hit the jackal but do no damage.
The jackal is heavily wounded.
The jackal barely misses you. The jackal bites you.
* * * LOW HITPOINT WARNING * * *
Aiming: Necrotise (safe; 3% risk of failure)
Press: ? - help, Q - select action Shift-Dir - straight line, f/p - jackal
Aim: a jackal (moderately wounded, chance to affect: 86%)
The jackal writhes in agony.
You kill the jackal!
The dead are walking!
You hit the jackal but do no damage.
The jackal is moderately wounded.
The jackal bites you but does no damage.
You closely miss the jackal.
The jackal is moderately wounded.
The jackal barely misses you.
Your jackal skeleton bites the jackal but does no damage.
The jackal bites you but does no damage.
You hit the jackal.
The jackal is heavily wounded.
The jackal bites you but does no damage.
Your jackal skeleton barely misses the jackal.
You closely miss the jackal.
The jackal is heavily wounded.
The jackal bites you.
You die...

.#.# ...# #.. #.#
#@# #.# #h#
#.####Z###
#.##.....# #.#
#.##.#.#†####. #.#
##..........>..
#.###..>#.....####.
#.......#.....####.#
#.......#........#.#


You could see a jackal (ally target) and a friendly jackal skeleton.

Vanquished Creatures
  A dart slug (D:1)
  A giant cockroach (D:1)
  A goblin (D:1)
  3 jackals (D:1)
  A frilled lizard (D:1)
  A rat (D:1)
8 creatures vanquished.

Vanquished Creatures (others)
  16 plants (D:1)
16 creatures vanquished.

Grand Total: 24 creatures vanquished

Notes
Turn   | Place    | Note
-------+----------+-------------------------------------------
     0 | D:1      | SnakkuSnakku7 the Kobold Necromancer began the quest for
                  | the Orb.
     0 | D:1      | Reached XP level 1. HP: 10/10 MP: 3/3
   275 | D:1      | Reached XP level 2. HP: 6/15 MP: 0/5
   556 | D:1      | Slain by a jackal

Illustrated notes

Levels and vault maps discovered:
D:1:      lightli_arrival_farm, layout_loops_ring

Action                   || total
-------------------------++-------
Melee: Unarmed           ||    68
 Cast: Necrotise         ||    19
 Stab: Distracted        ||     1
Armor: Robe              ||    15
Dodge: Dodged            ||    81
